AoeStats
← 知耻而后勇喜笑颜开

Arabia

508817570Analyzed
1v1 RM · 8d ago on Sep 24, 2026· 46m 20s· 2 players
Game mode
Random Map
Map size
Tiny (2 player)
Population
200
Speed
Normal
Resources
Standard
Victory
Conquest
Starting age
Dark Age
Ending age
Imperial Age
RankedLock teamsTeams togetherTeam positionsShared explorationLock speedFull tech treeHidden civsTurbo modeCheats
Victory
Defeat
1412
+16
🇦🇷 Japanese · Argentina
1421
-16
知耻而后勇喜笑颜开
8:32 Feudal Age
9:09 Loom
10:01 Wheelbarrow
13:34 Fletching
16:27 Padded Archer Armor
17:21 Town Watch
17:28 Double-Bit Axe
26:21 Castle Age
25:54 Bloodlines
27:08 Bodkin Arrow
27:34 Bow Saw
27:14 Gold Mining
27:06 Horse Collar
27:43 Husbandry
27:30 Elite Skirmisher
28:27 Leather Archer Armor
29:28 Ballistics
30:59 Hand Cart
33:28 Stone Mining
34:05 Heavy Plow
34:42 Forging
34:32 Scale Mail Armor
34:39 Scale Barding Armor
43:42 Sanctity
43:23 Treadmill Crane
43:53 Masonry
44:13 Fervor
44:11 Murder Holes
49:22 Imperial Age
Wololooo
6:03 Loom
9:01 Feudal Age
9:42 Man-at-Arms
14:22 Fletching
17:13 Padded Archer Armor
17:17 Double-Bit Axe
25:02 Castle Age
23:59 Scale Barding Armor
24:54 Forging
25:36 Bloodlines
25:10 Crossbowman
27:51 Bow Saw
27:21 Horse Collar
28:33 Heavy Plow
28:49 Leather Archer Armor
28:32 Bodkin Arrow
30:19 Wheelbarrow
31:47 Ballistics
35:35 Thumb Ring
35:45 Leather Archer Armor
35:44 Husbandry
36:40 Chain Barding Armor
39:50 Iron Casting
Connection lost

Rejoining the realm…

Still unreachable

The connection could not be restored.

Session expired

The server has moved on; the page needs a fresh start.